 Dungeon Sprint DCSS version bcrawl-1.23.1-30-gcf7fa35852 (webtiles) character file.

Game seed: 3969145601584197101

19991 pasperui the Grappler (level 12, -1/122 HPs)
             Began as a Gnoll Transmuter on May 29, 2020.
             Was the Champion of Dithmenos.
             Slain by the 27-headed Lernaean hydra (4 damage)
             ... in the Dungeon (Sprint I: "Red Sonja").
             The game lasted 00:18:35 (4665 turns).

pasperui the Grappler (Gnoll Transmuter)            Turns: 4665, Time: 00:18:35

Health: -1/122     AC: 11    Str: 21    XL:     12   Next: 74%
Magic:  0/28       EV: 20    Int: 18    God:    Dithmenos [******]
Gold:   1923       SH:  0    Dex: 19    Spells: 26/36 levels left

rFire    . . .     SeeInvis .     - Unarmed
rCold    + + +     Gourm    .   (shield currently unavailable)
rNeg     + . .     Faith    .   (armour currently unavailable)
rPois    +         Spirit   +   (helmet currently unavailable)
rElec    +         Reflect  .   (cloak currently unavailable)
rCorr    .         Harm     .   (gloves currently unavailable)
MR       +++..     NoTele   +   (boots currently unavailable)
Stlth    +++++++++.             o - amulet of guardian spirit
HPRegen  0.30/turn              u - ring of insulation
MPRegen  0.21/turn              b - ring "Zipsotil" {rF+ rN+ MR+ Str+5 Dex+4}

@: ice-form, wreathed by umbra
A: large, distributed training, strong nose
a: End Transformation, Shadow Step, Shadow Form, Renounce Religion


You were in the Dungeon.
You worshipped Dithmenos.
Dithmenos was exalted by your worship.
You were not hungry.
You were a creature of crystalline ice.
You visited 1 branch You collected 3169 gold pieces.
You spent 1246 gold pieces at shops.

Inventory:

Missiles
 a - 574 arrows
 m - 915 stones (quivered)
 q - 121 tomahawks
Armour
 s - a +2 helmet of intelligence (melded)
 t - a scarf of spirit shield (melded)
 v - a +3 ring mail of fire resistance (melded)
 x - +0 gold dragon scales
Magical Staves
 p - an uncursed staff of wizardry {unknown}
Jewellery
 b - the ring "Zipsotil" (right front paw) {rF+ rN+ MR+ Str+5 Dex+4}
   (You found it in the Dungeon)

   [ring of strength]

   It affects your strength (+5).
   It affects your dexterity (+4).
   It protects you from fire.
   It protects you from negative energy.
   It affects your resistance to hostile enchantments.
 o - an amulet of guardian spirit (around neck)
 u - a ring of insulation (left front paw)
Wands
 c - a wand of polymorph (5)
 g - a wand of disintegration (13)
Scrolls
 j - 2 scrolls of identify {unknown}
 n - a scroll of silence {unknown}
 r - a scroll of blinking
 w - a scroll of magic mapping {unknown}
 y - a scroll of remove curse {unknown}
Potions
 d - a potion of lignification
 f - a potion of curing
 h - a potion of cancellation {unknown}
 i - 2 potions of magic
 k - a potion of ambrosia {unknown}
 l - a potion of resistance {unknown}
 B - a potion of mutation {unknown}
Miscellaneous
 z - a box of beasts
 A - a sack of spiders


   Skills:
 + Level 12.1 Fighting
 + Level 11.8 Short Blades
 + Level 11.8 Long Blades
 + Level 11.8 Axes
 + Level 11.8 Maces & Flails
 + Level 11.8 Polearms
 + Level 11.8 Staves
 + Level 11.8 Slings
 + Level 11.8 Bows
 + Level 11.8 Crossbows
 + Level 11.8 Throwing
 + Level 11.8 Armour
 + Level 12.5 Dodging
 + Level 11.8 Stealth
 + Level 11.8 Shields
 + Level 13.2 Unarmed Combat
 + Level 12.7 Spellcasting
 + Level 10.1 Conjurations
 + Level 10.1 Hexes
 + Level 10.1 Charms
 + Level 10.1 Summonings
 + Level 10.1 Necromancy
 + Level 10.1 Translocations
 + Level 10.8 Transmutations
 + Level 10.1 Fire Magic
 + Level 10.1 Ice Magic
 + Level 10.1 Air Magic
 + Level 10.1 Earth Magic
 + Level 10.1 Poison Magic
 + Level 12.7 Invocations
 + Level 11.8 Evocations


You had 26 spell levels left.
You knew the following spells:

 Your Spells              Type           Power        Failure   Level  Hunger
a - Beastly Appendage     Tmut           ######       1%          1    None
b - Ice Form              Ice/Tmut       #####...     1%          4    ##.....
c - Blade Hands           Tmut           ######....   1%          5    ####...

Your spell library contained the following spells:

 Spells                   Type           Power        Failure   Level  Hunger
 Sticks to Snakes         Tmut           ######..     1%          2    None
 Spider Form              Tmut/Pois      ###          1%          3    None


Dungeon Overview and Level Annotations

Branches:
Dungeon (1/1)

Altars:
Cheibriados
Dithmenos
Elyvilon
Fedhas
Gozag
Hepliaklqana
Kikubaaqudgha
Lugonu
Makhleb
Nemelex Xobeh
Okawaru
Qazlal
Ru
Sif Muna
Trog
Uskayaw
Vehumet
Wu Jian
Xom
Yredelemnul
Zin
The Shining One
Jiyva

Shops:
D [!(%}!(*(([%!*%[??

Annotations:
D Lernaean hydra, Lom Lobon


Innate Abilities, Weirdness & Mutations

Your experience applies equally to all skills.
((You have very sharp teeth.))
Your uncanny sense of smell can sniff out nearby items.


Message History

* * * LOW HITPOINT WARNING * * *
The 27-headed Lernaean hydra closely misses you.
The 27-headed Lernaean hydra bites you.
* * * LOW HITPOINT WARNING * * *
The 27-headed Lernaean hydra closely misses you.
The 27-headed Lernaean hydra bites you but does no damage.
The 27-headed Lernaean hydra completely misses you.
The 27-headed Lernaean hydra bites you but does no damage.
The 27-headed Lernaean hydra bites you!
* * * LOW HITPOINT WARNING * * *
The 27-headed Lernaean hydra misses you.
The 27-headed Lernaean hydra bites you!
* * * LOW HITPOINT WARNING * * *
The 27-headed Lernaean hydra bites you!
* * * LOW HITPOINT WARNING * * *
The 27-headed Lernaean hydra barely misses you.
The 27-headed Lernaean hydra bites you but does no damage. x2
The 27-headed Lernaean hydra closely misses you.
The 27-headed Lernaean hydra bites you.
You die...

∆
#.≈..#...§..§§....#∆
∆∆∆∆
###..#.......§....#∆
∆∆∆∆
#.+..##.....^....##∆
∆
#.##'##..........#∆∆
#.#≈≈≈##........##∆∆
#^#≈≈≈≈##...)[.##∆∆∆
..#≈≈≈≈≈######## ∆∆
○####≈≈≈≈#≈≈≈°≈#..°
∆
.°#..#'≈≈≈'≈YD≈°'..°
∆ .°
#...##≈≈#≈≈≈°≈#≈≈≈
°°° #....######'###
.&. #....# ≈≈≈
###### ≈≈≈≈≈ ∆∆ ∆∆
∆∆ ≈≈≈≈≈≈ ∆∆ ∆∆
∆∆∆∆$$$$≈≈ ######


You could see the 27-headed Lernaean hydra.

Vanquished Creatures
  A golden dragon (D)
  A shadow dragon (D)
  A deep elf annihilator (D)
  A mummy priest (D)
  A hydra (D)
  2 centaur warriors (D)
  Sonja (D)
  A deep troll (D)
  2 unseen horrors (D)
  A lindwurm (D)
  2 oklob plants (D)
  2 merfolk sirens (D)
  A gargoyle (D)
  2 kobold demonologists (D)
  4 demonic crawlers (D)
  A hellwing (D)
  5 hornets (D)
  A slime creature (D)
  Sigmund (D)
  2 redbacks (D)
  13 hogs (D)
  A yak (D)
  3 floating eyes (D)
  7 necrophages (D)
  An ogre (D)
  8 jellies (D)
  Ijyb (D)
  2 ballistomycetes (D)
  A ballistomycete spore (D)
70 creatures vanquished.

Vanquished Creatures (others)
  A gargoyle (D)
  A ballistomycete spore (D)
2 creatures vanquished.

Grand Total: 72 creatures vanquished

Notes
Turn   | Place    | Note
-------+----------+-------------------------------------------
     0 | D        | pasperui the Gnoll Transmuter began the quest for the Orb.
     0 | D        | Reached XP level 1. HP: 17/17 MP: 6/6
     2 | D        | Noticed Ijyb
    14 | D        | Killed Ijyb
    14 | D        | Reached skill level 1 in Short Blades
    14 | D        | Reached skill level 1 in Long Blades
    14 | D        | Reached skill level 1 in Axes
    14 | D        | Reached skill level 1 in Maces & Flails
    14 | D        | Reached skill level 1 in Polearms
    14 | D        | Reached skill level 1 in Staves
    14 | D        | Reached skill level 1 in Slings
    14 | D        | Reached skill level 1 in Bows
    14 | D        | Reached skill level 1 in Crossbows
    14 | D        | Reached skill level 1 in Throwing
    14 | D        | Reached skill level 1 in Armour
    14 | D        | Reached skill level 1 in Stealth
    14 | D        | Reached skill level 1 in Shields
    14 | D        | Reached skill level 5 in Spellcasting
    14 | D        | Reached skill level 1 in Conjurations
    14 | D        | Reached skill level 1 in Hexes
    14 | D        | Reached skill level 1 in Charms
    14 | D        | Reached skill level 1 in Summonings
    14 | D        | Reached skill level 1 in Necromancy
    14 | D        | Reached skill level 1 in Translocations
    14 | D        | Reached skill level 1 in Fire Magic
    14 | D        | Reached skill level 1 in Ice Magic
    14 | D        | Reached skill level 1 in Air Magic
    14 | D        | Reached skill level 1 in Earth Magic
    14 | D        | Reached skill level 1 in Poison Magic
    14 | D        | Reached skill level 1 in Evocations
    14 | D        | Reached XP level 2. HP: 24/24 MP: 6/8
    14 | D        | Reached XP level 3. HP: 29/29 MP: 6/9
   239 | D        | Noticed an ogre
   243 | D        | Killed an ogre
   243 | D        | Reached skill level 5 in Dodging
   243 | D        | Reached skill level 7 in Unarmed Combat
   243 | D        | Reached XP level 4. HP: 37/37 MP: 9/11
   246 | D        | Noticed Sigmund
   252 | D        | HP: 1/37 [something (7)]
   258 | D        | Killed Sigmund
   258 | D        | Reached skill level 5 in Fighting
   258 | D        | Reached skill level 5 in Transmutations
   258 | D        | Reached XP level 5. HP: 20/44 MP: 11/14
   258 | D        | Reached XP level 6. HP: 23/51 MP: 11/15
   408 | D        | Found an ornate altar of the Wu Jian Council.
   408 | D        | Found a shimmering blue altar of Sif Muna.
   410 | D        | Found a radiant altar of Vehumet.
   415 | D        | Reached skill level 8 in Unarmed Combat
   456 | D        | Learned a level 4 spell: Ice Form
   457 | D        | Found Beh Imech's Distillery.
   457 | D        | Found an ancient bone altar of Kikubaaqudgha.
   457 | D        | Found a hazy altar of Hepliaklqana.
   457 | D        | Found a stormy altar of Qazlal.
   457 | D        | Found a hide-covered altar of Uskayaw.
   457 | D        | Found a blossoming altar of Fedhas.
   457 | D        | Found a bloodstained altar of Trog.
   457 | D        | Found an iron altar of Okawaru.
   457 | D        | Found a basalt altar of Yredelemnul.
   457 | D        | Found a glowing golden altar of the Shining One.
   457 | D        | Found a snail-covered altar of Cheibriados.
   457 | D        | Found a sacrificial altar of Ru.
   457 | D        | Found a glowing silver altar of Zin.
   457 | D        | Found a shadowy altar of Dithmenos.
   457 | D        | Found a white marble altar of Elyvilon.
   457 | D        | Noticed a yak
   460 | D        | Killed a yak
   460 | D        | Reached skill level 5 in Short Blades
   460 | D        | Reached skill level 5 in Long Blades
   460 | D        | Reached skill level 5 in Axes
   460 | D        | Reached skill level 5 in Maces & Flails
   460 | D        | Reached skill level 5 in Polearms
   460 | D        | Reached skill level 5 in Staves
   460 | D        | Reached skill level 5 in Slings
   460 | D        | Reached skill level 5 in Bows
   460 | D        | Reached skill level 5 in Crossbows
   460 | D        | Reached skill level 5 in Throwing
   460 | D        | Reached skill level 5 in Armour
   460 | D        | Reached skill level 5 in Stealth
   460 | D        | Reached skill level 5 in Shields
   460 | D        | Reached skill level 5 in Invocations
   460 | D        | Reached skill level 5 in Evocations
   460 | D        | Reached XP level 7. HP: 57/57 MP: 11/17
   461 | D        | Found an opulent altar of Gozag.
   464 | D        | Found a sparkling altar of Nemelex Xobeh.
   515 | D        | Became a worshipper of Dithmenos the Shadowed
   530 | D        | Found a burning altar of Makhleb.
   530 | D        | Found a viscous altar of Jiyva.
   530 | D        | Found a shimmering altar of Xom.
   530 | D        | Found a corrupted altar of Lugonu.
   530 | D        | Noticed a slime creature
   537 | D        | Killed a slime creature
   628 | D        | Learned a level 5 spell: Blade Hands
   629 | D        | Noticed a kobold demonologist
   630 | D        | Noticed a kobold demonologist
   632 | D        | Paralysed by a floating eye for 4 turns
   634 | D        | Noticed a red devil
   634 | D        | Noticed a ynoxinul
   640 | D        | Noticed a hellwing
   646 | D        | Killed a kobold demonologist
   646 | D        | Reached * piety under Dithmenos
   646 | D        | Reached skill level 9 in Unarmed Combat
   646 | D        | Reached skill level 5 in Conjurations
   646 | D        | Reached skill level 5 in Hexes
   646 | D        | Reached skill level 5 in Charms
   646 | D        | Reached skill level 5 in Summonings
   646 | D        | Reached skill level 5 in Necromancy
   646 | D        | Reached skill level 5 in Translocations
   646 | D        | Reached skill level 5 in Fire Magic
   646 | D        | Reached skill level 5 in Ice Magic
   646 | D        | Reached skill level 5 in Air Magic
   646 | D        | Reached skill level 5 in Earth Magic
   646 | D        | Reached skill level 5 in Poison Magic
   646 | D        | Reached XP level 8. HP: 45/65 MP: 17/20
   651 | D        | Killed a kobold demonologist
   975 | D        | Noticed Sonja
   986 | D        | Killed Sonja
   986 | D        | Reached XP level 9. HP: 72/72 MP: 18/21
  1003 | D        | Found Piet's Antique Armour Boutique.
  1035 | D        | Killed a gargoyle
  1126 | D        | Noticed a deep troll
  1134 | D        | Killed a deep troll
  1134 | D        | Reached skill level 10 in Unarmed Combat
  1148 | D        | Found Zahekov's Armour Emporium.
  1432 | D        | Noticed a centaur warrior
  1432 | D        | Noticed a centaur warrior
  1438 | D        | Killed a centaur warrior
  1438 | D        | Reached ** piety under Dithmenos
  1442 | D        | Killed a centaur warrior
  1442 | D        | Reached XP level 10. HP: 25/82 MP: 20/23
  1716 | D        | Noticed an oklob plant
  1726 | D        | Killed an oklob plant
  1726 | D        | Reached skill level 10 in Spellcasting
  1819 | D        | Reached *** piety under Dithmenos
  1956 | D        | Killed an unseen horror
  1956 | D        | Reached skill level 10 in Dodging
  1956 | D        | Reached skill level 11 in Unarmed Combat
  1958 | D        | Killed an unseen horror
  1958 | D        | Reached skill level 10 in Invocations
  2156 | D        | Reached **** piety under Dithmenos
  2175 | D        | Reached ***** piety under Dithmenos
  2226 | D        | Reached XP level 11. HP: 85/89 MP: 22/25
  2266 | D        | Found Diacraa's Food Shoppe.
  2266 | D        | Found Quxien's Weapon Shop.
  2266 | D        | Found Asuojudo's Gadget Boutique.
  2268 | D        | Found Xamom's Distillery.
  2268 | D        | Found Fugit's Antique Weapon Shop.
  2268 | D        | Found Demmeng's General Store.
  2268 | D        | Found Oteyt's Antique Weapon Boutique.
  2268 | D        | Found Eption Luti's Antique Weapon Emporium.
  2268 | D        | Found Inececso's Armour Shop.
  2268 | D        | Found Sabruamu's Food Shoppe.
  2271 | D        | Found Tatzepadgh's Distillery.
  2272 | D        | Found Jelym's Food Emporium.
  2272 | D        | Found Fioseena's General Store.
  2273 | D        | Found Kuhi Kao's Magic Scroll Emporium.
  2281 | D        | Bought a potion of curing for 39 gold pieces
  2281 | D        | Bought a potion of curing for 39 gold pieces
  2397 | D        | Reached ****** piety under Dithmenos
  2397 | D        | Reached skill level 10 in Fighting
  3024 | D        | Noticed a lindwurm
  3026 | D        | Killed a lindwurm
  3060 | D        | Reached skill level 10 in Short Blades
  3060 | D        | Reached skill level 10 in Long Blades
  3060 | D        | Reached skill level 10 in Axes
  3060 | D        | Reached skill level 10 in Maces & Flails
  3060 | D        | Reached skill level 10 in Polearms
  3060 | D        | Reached skill level 10 in Staves
  3060 | D        | Reached skill level 10 in Slings
  3060 | D        | Reached skill level 10 in Bows
  3060 | D        | Reached skill level 10 in Crossbows
  3060 | D        | Reached skill level 10 in Throwing
  3060 | D        | Reached skill level 10 in Armour
  3060 | D        | Reached skill level 10 in Stealth
  3060 | D        | Reached skill level 10 in Shields
  3060 | D        | Reached skill level 10 in Evocations
  3219 | D        | Reached skill level 12 in Unarmed Combat
  3237 | D        | Noticed a 12-headed hydra
  3242 | D        | Killed a 13-headed hydra
  3303 | D        | Bought a glowing helmet for 210 gold pieces
  3303 | D        | Bought a runed scarf for 224 gold pieces
  3383 | D        | Noticed a deep elf annihilator
  3431 | D        | Noticed a mummy priest
  3432 | D        | Noticed a flayed ghost
  3466 | D        | HP: 3/110 [hornet (4)]
  3817 | D        | Bought a scroll of blinking for 82 gold pieces
  3826 | D        | Bought a potion of curing for 39 gold pieces
  3836 | D        | Bought a ration for 55 gold pieces
  3851 | D        | Bought an uncursed ring of insulation for 220 gold pieces
  3893 | D        | Bought a +3 ring mail of fire resistance for 338 gold
                  | pieces
  3986 | D        | Killed a deep elf annihilator
  3986 | D        | Reached skill level 10 in Transmutations
  3986 | D        | Reached XP level 12. HP: 100/100 MP: 22/27
  3989 | D        | Got an ancient pewter ring
  3993 | D        | Identified the ring "Zipsotil" {rF+ rN+ MR+ Str+5 Dex+4}
                  | (You found it in the Dungeon)
  4006 | D        | Killed a mummy priest
  4006 | D        | Noticed a soul eater
  4256 | D        | Noticed a shadow dragon
  4256 | D        | Noticed a golden dragon
  4266 | D        | Killed a shadow dragon
  4275 | D        | Killed a golden dragon
  4275 | D        | Reached skill level 13 in Unarmed Combat
  4275 | D        | Reached skill level 10 in Conjurations
  4275 | D        | Reached skill level 10 in Hexes
  4275 | D        | Reached skill level 10 in Charms
  4275 | D        | Reached skill level 10 in Summonings
  4275 | D        | Reached skill level 10 in Necromancy
  4275 | D        | Reached skill level 10 in Translocations
  4275 | D        | Reached skill level 10 in Fire Magic
  4275 | D        | Reached skill level 10 in Ice Magic
  4275 | D        | Reached skill level 10 in Air Magic
  4275 | D        | Reached skill level 10 in Earth Magic
  4275 | D        | Reached skill level 10 in Poison Magic
  4362 | D        | Found Pialusiz's Magic Scroll Shoppe.
  4584 | D        | Noticed Lom Lobon
  4625 | D        | Noticed the 27-headed Lernaean hydra
  4665 | D        | HP: 3/122 [the 27-headed Lernaean hydra (6)]
  4665 | D        | Slain by the 27-headed Lernaean hydra

Skill      XL: |  1  2  3  4  5  6  7  8  9 10 11 12 |
---------------+-------------------------------------+-----
Fighting       | 3 4 5 6 7 8 9 11 12 | 12.1
Short Blades   | 1 3 4 5 6 7 8 9 10 11 | 11.8
Long Blades    | 1 3 4 5 6 7 8 9 10 11 | 11.8
Axes           | 1 3 4 5 6 7 8 9 10 11 | 11.8
Maces & Flails | 1 3 4 5 6 7 8 9 10 11 | 11.8
Polearms       | 1 3 4 5 6 7 8 9 10 11 | 11.8
Staves         | 1 3 4 5 6 7 8 9 10 11 | 11.8
Slings         | 1 3 4 5 6 7 8 9 10 11 | 11.8
Bows           | 1 3 4 5 6 7 8 9 10 11 | 11.8
Crossbows      | 1 3 4 5 6 7 8 9 10 11 | 11.8
Throwing       | 1 3 4 5 6 7 8 9 10 11 | 11.8
Armour         | 1 3 4 5 6 7 8 9 10 11 | 11.8
Stealth        | 1 3 4 5 6 7 8 9 10 11 | 11.8
Shields        | 1 3 4 5 6 7 8 9 10 11 | 11.8
Spellcasting   | 5 6 7 8 9 10 11 12 | 12.7
Conjurations   | 1 2 3 4 5 7 9 10 | 10.1
Hexes          | 1 2 3 4 5 7 9 10 | 10.1
Charms         | 1 2 3 4 5 7 9 10 | 10.1
Summonings     | 1 2 3 4 5 7 9 10 | 10.1
Necromancy     | 1 2 3 4 5 7 9 10 | 10.1
Translocations | 1 2 3 4 5 7 9 10 | 10.1
Transmutations | 4 5 6 7 8 10 | 10.8
Fire Magic     | 1 2 3 4 5 7 9 10 | 10.1
Ice Magic      | 1 2 3 4 5 7 9 10 | 10.1
Air Magic      | 1 2 3 4 5 7 9 10 | 10.1
Earth Magic    | 1 2 3 4 5 7 9 10 | 10.1
Poison Magic   | 1 2 3 4 5 7 9 10 | 10.1
Invocations    | 2 3 4 5 6 7 9 10 11 12 | 12.7
Evocations     | 1 3 4 5 6 7 8 9 10 11 | 11.8
Dodging        | 5 6 7 8 9 10 11 12 | 12.5
Unarmed Combat | 7 8 9 10 11 12 13 | 13.2

Action                   |  1- 3 |  4- 6 |  7- 9 | 10-12 || total
-------------------------+-------+-------+-------+-------++-------
Melee: Unarmed           |    10 |    12 |    38 |   199 ||   259
       Punch             |     2 |     2 |     1 |     8 ||    13
       Kick              |       |     2 |       |       ||     2
       Bite              |       |     1 |       |     9 ||    10
Throw: Stone             |       |       |       |     3 ||     3
 Cast: Beastly Appendage |     2 |     2 |       |       ||     4
       Ice Form          |       |     1 |     4 |     6 ||    11
       Blade Hands       |       |       |     1 |     9 ||    10
 Abil: End Transformatio |       |       |     1 |     8 ||     9
Evoke: Wand              |       |       |       |     1 ||     1
  Use: Potion            |     2 |     1 |       |     5 ||     8
       Scroll            |       |       |       |     1 ||     1
 Stab: Sleeping          |       |     1 |     3 |    13 ||    17
       Distracted        |       |       |       |     1 ||     1
  Eat: Ration            |       |       |     1 |     3 ||     4
       Chunk             |       |       |       |     4 ||     4
Armor: Skin              |     3 |     1 |    13 |    40 ||    57
       Robe              |     1 |     1 |       |     3 ||     5
       Ring mail         |       |       |       |     2 ||     2
Dodge: Dodged            |     1 |     3 |    33 |   192 ||   229
